 Dungeon Crawl Stone Soup version 0.16.2 (webtiles) character file.

38 RepoMan the Skirmisher (level 3, -2/27 HPs)
             Began as an Octopode Wanderer on Aug 12, 2015.
             Slain by krupnik16's ghost (3 damage)
             ... on level 3 of the Dungeon.
             The game lasted 00:08:18 (1342 turns).

RepoMan the Skirmisher (Octopode Wanderer)          Turns: 1342, Time: 00:08:18

Health: -2/27      AC:  1    Str: 11    XL:     3   Next: 43%
Magic:  4/4        EV: 11    Int: 16    God:
Gold:   33         SH:  0    Dex: 10    Spells: 1 memorised, 2 levels left

rFire  . . .     SeeInvis .     a - +2 quarterstaff
rCold  . . .     Clarity  .     (no shield)
rNeg   . . .     SustAb   .     (helmet restricted)
rPois  .         Gourm    .     (no amulet)
rElec  .         Spirit   .     (no ring)
rCorr  .         Warding  .     (no ring)
rMut   .         Stasis   .     (no ring)
MR     .....                    (no ring)
Stlth  +++.......               (no ring)
                                (no ring)
                                (no ring)
                                (no ring)

@: not resistant to hostile enchantments, fairly stealthy
A: almost no armour, amphibious, 8 rings, constrict 8, camouflage 1, gelatinous
body 1
a: no special abilities


You were on level 3 of the Dungeon.
You were not hungry.

You visited 1 branch of the dungeon, and saw 3 of its levels.

You collected 33 gold pieces.

Inventory:

Hand weapons
 a - a +2 quarterstaff (weapon)
 b - a +0 short sword
Scrolls
 c - a scroll of teleportation
 j - a scroll of enchant armour {unknown}
 l - a scroll of noise {unknown}
Potions
 e - a potion of might {unknown}
 g - a potion of magic {unknown}
 h - a potion of agility {unknown}
 i - a potion of cure mutation {unknown}
Books
 k - a book of Burglary

   Spells                             Type                      Level
   a - Swiftness                      Charms/Air                   2
   b - Passwall                       Transmutation/Earth          3
   c - Passage of Golubria            Translocation                4
   d - Lee's Rapid Deconstruction     Earth                        5
   e - Invisibility                   Hexes                        6
   f - Darkness                       Hexes                        7
Comestibles
 d - 2 fruits
 f - 2 bread rations


   Skills:
 - Level 4.1 Fighting
   Level 2.0 Axes
 + Level 2.7 Staves
 - Level 1.0 Throwing
 + Level 0.6 Dodging
 + Level 2.2 Stealth
 * Level 1.1 Spellcasting


You had 2 spell levels left.
You knew the following spells:

 Your Spells              Type           Power        Failure   Level  Hunger
a - Swiftness             Chrm/Air       #.......     38%         2    ###....


Dungeon Overview and Level Annotations

Branches:
Dungeon (3/15)

Altars:

Annotations:
D:2 Sigmund
D:3 krupnik16's ghost, average DsWz


Innate Abilities, Weirdness & Mutations

You cannot wear most types of armour.
You are amphibious.
You can wear up to eight rings at the same time.
You can use your tentacles to constrict many enemies at once.
Your skin changes colour to match your surroundings (Stealth).
Your rubbery body absorbs attacks (AC +1).


Message History

Krupnik16's ghost misses you.
You closely miss krupnik16's ghost.
Krupnik16's ghost is severely damaged.
Krupnik16's ghost hits you.
A hobgoblin comes into view.
The hobgoblin shouts!
You hit krupnik16's ghost.
Krupnik16's ghost is almost destroyed.
Krupnik16's ghost points at you and mumbles some strange words.
The magic dart hits you!
* * * LOW HITPOINT WARNING * * *
You hit krupnik16's ghost.
Krupnik16's ghost is almost destroyed.
Krupnik16's ghost gestures at you while chanting.
The magic dart hits you!
* * * LOW HITPOINT WARNING * * *
You closely miss krupnik16's ghost.
Krupnik16's ghost is almost destroyed.
Krupnik16's ghost hits you.
You die...

#..... #.%.... ##
#......# ..#......#
.#......#
....'......#
......#).....#
#......#W.....#
#......#@######
#......#.#
#......#.#
#......#.######.#
#...............#
#.....)#g########
#......#....#######
#.................#
######............#


You could see krupnik16's ghost and a hobgoblin.

Vanquished Creatures
  An adder (D:3)
  An orc (D:3)
  A giant cockroach (D:3)
  4 hobgoblins
  3 kobolds
  5 bats
  A giant newt (D:2)
  5 goblins
  2 jackals (D:3)
  A rat (D:1)
24 creatures vanquished.

Notes
Turn   | Place    | Note
--------------------------------------------------------------
     0 | D:1      | RepoMan, the Octopode Wanderer, began the quest for the Orb.
     0 | D:1      | RepoMan set off with: a +2 quarterstaff, a +0 short sword, a scroll of teleportation, a bread ration
     0 | D:1      | Reached XP level 1. HP: 17/17 MP: 1/1
   267 | D:1      | Reached XP level 2. HP: 22/22 MP: 2/2
   865 | D:2      | Learned a level 2 spell: Swiftness
   887 | D:2      | Noticed Sigmund
  1025 | D:2      | You fall through a shaft!
  1043 | D:3      | Reached skill level 1 in Spellcasting
  1043 | D:3      | Reached XP level 3. HP: 20/27 MP: 2/4
  1332 | D:3      | Noticed krupnik16's ghost (average DsWz)
  1341 | D:3      | HP: 1/27 [krupnik16's ghost/magic dart (5)]
  1342 | D:3      | Slain by krupnik16's ghost

Action                   || total
-------------------------++-------
Melee: Quarterstaff      ||    44
 Stab: Sleeping          ||     8
  Eat: Chunk             ||     1
